 Dungeon Crawl Stone Soup version 0.28-a0-1447-ga5a8893891 (webtiles) character file.

Game seed: 3735046697202395718

177 fragbeetle the Digger (level 5, -3/31 HPs)
             Began as a Gargoyle Earth Elementalist on Jan 12, 2022.
             Was an Initiate of Vehumet.
             Killed from afar by an orc wizard (6 damage)
             ... with a puff of flame
             ... on level 3 of the Dungeon.
             The game lasted 00:11:26 (3626 turns).

fragbeetle the Digger (Gargoyle Earth Elementalist) Turns: 3626, Time: 00:11:26

Health: -3/31      AC:  8    Str: 12    XL:     5   Next: 57%
Magic:  1/8        EV: 12    Int: 17    God:    Vehumet [......]
Gold:   105        SH:  0    Dex: 10    Spells: 4/8 levels left

rFire   . . .      SeeInvis .   n - staff of earth
rCold   . . .      Faith    .   (no shield)
rNeg    + . .      Spirit   .   j - +2 robe
rPois   ∞          Reflect  .   (no helmet)
rElec   +          Harm     .   (no cloak)
rCorr   .          Rampage  .   (no gloves)
Will    .....                   (no boots)
Stlth   ++........              (no amulet)
HPRegen 0.10/turn               (no ring)
MPRegen 0.11/turn               (no ring)

@: very slightly contaminated
A: sickness immunity, AC +4, negative energy resistance 1, electricity
resistance, torment resistance 1, petrification resistance
a: Renounce Religion


You were on level 3 of the Dungeon.
You worshipped Vehumet.
Vehumet was noncommittal.
You visited 1 branch of the dungeon, and saw 3 of its levels.

You collected 105 gold pieces.

Inventory:

Hand Weapons
 b - a +0 flail of holy wrath
 d - a +0 spear
Missiles
 c - 53 stones
 h - 4 curare-tipped darts
Armour
 j - a +2 robe (worn)
Magical Staves
 n - a staff of earth (weapon)
Scrolls
 a - a scroll of amnesia {unknown}
 g - a scroll of enchant weapon {unknown}
 i - 2 scrolls of teleportation {unknown}
 m - 3 scrolls of identify {unknown}
 p - a scroll of holy word {unknown}
Potions
 e - 3 potions of curing {unknown}
 f - 3 potions of heal wounds {unknown}
 k - a potion of magic {unknown}
 l - a potion of experience {unknown}
 o - 2 potions of degeneration {unknown}


   Skills:
 + Level 2.4 Fighting
 + Level 0.0 Staves
 + Level 2.6 Dodging
 - Level 2.1 Stealth
 - Level 2.0 Spellcasting
 + Level 0.0 Conjurations
 - Level 1.0 Transmutations
 * Level 5.7 Earth Magic
 + Level 0.1 Evocations


You had 4 spell levels left.
You knew the following spells:

 Your Spells              Type           Power      Damage    Failure   Level
a - Sandblast             Erth           64%        2d14      1%          1
b - Stone Arrow           Conj/Erth      34%        3d9       19%         3

Your spell library contained the following spells:

 Spells                   Type           Power      Damage    Failure   Level
 Passwall                 Tmut/Erth      15%        N/A       8%          2
 Sting                    Tmut/Pois      12%        1d3       16%         1
 Poisonous Vapours        Pois/Air       2%         N/A       28%         2
 Petrify                  Tmut/Erth      19%        N/A       43%         4
 Ignite Poison            Fire/Tmut/Pois 2%         N/A       45%         3
 Conjure Flame            Conj/Fire      1%         6-21      50%         3
 Olgreb's Toxic Radiance  Pois           1%         N/A       88%         4
 Sticky Flame             Conj/Fire      1%         2d3       88%         4


Dungeon Overview and Level Annotations

Branches:
Dungeon (3/15)

Altars:
Dithmenos
Elyvilon
Fedhas
Hepliaklqana
Nemelex Xobeh
Sif Muna
Trog
Vehumet
Xom
Yredelemnul
Zin

Shops:
D:1 [(*(:   D:3 (


Innate Abilities, Weirdness & Mutations

You are immune to sickness and miasma.
Your stone body is resilient. (AC +4)
You are immune to poison.
You resist negative energy. (rN+)
You are resistant to electric shocks. (rElec)
You are resistant to unholy torment.
You are immune to petrification.


Message History

The spell is quite dangerous to miscast (19% risk of failure)!
Continue anyway?
Aiming: Stone Arrow (quite dangerous; 19% risk of failure)
Press: ? - help, Shift-Dir - straight line, f - orc wizard
Aim: an orc wizard, wielding a +0 dagger and wearing a +0 robe (60% to hit)
You feel a surge of power!
The stone arrow hits something!
Something hits you but does no damage.
Unknown command.
Casting: Stone Arrow (quite dangerous; 19% risk of failure)
Confirm with . or Enter, or press ? or * to list all spells.
The spell is quite dangerous to miscast (19% risk of failure)!
Continue anyway?
Aiming: Stone Arrow (quite dangerous; 19% risk of failure)
Press: ? - help, Shift-Dir - straight line, f/p - orc wizard
Aim: an orc wizard, wielding a +0 dagger and wearing a +0 robe (60% to hit)
You feel a surge of power!
You miscast Stone Arrow.
You are very lightly contaminated with residual magic.
Nothing appears to happen.
Something hits you but does no damage.
Casting: Stone Arrow (quite dangerous; 19% risk of failure)
Confirm with . or Enter, or press ? or * to list all spells.
You don't have enough magic to cast this spell.
Unknown command.
Unknown command.
Casting: Stone Arrow (quite dangerous; 19% risk of failure)
Confirm with . or Enter, or press ? or * to list all spells.
Aiming: Sandblast (safe; 1% risk of failure)
Press: ? - help, Shift-Dir - straight line, f/p - orc wizard
Aim: an orc wizard, wielding a +0 dagger and wearing a +0 robe (77% to hit)
You feel a surge of power!
The blast of sand hits the orc but does no damage.
You hear some strange, mumbled words.
A magic dart appears from out of thin air!
The magic dart hits you!
The orc wizard mumbles some strange words.
The orc wizard flickers and vanishes!
You hear some strange, mumbled words.
A puff of flame appears from out of thin air!
The puff of flame hits you!
* * * LOW HITPOINT WARNING * * *
A puff of flame appears from out of thin air!
The puff of flame hits you.
You die...

##...### #.# .# #...# #)#
###.# #####
#.####...#####
#........#...........#
#.#######.####<#####. #.#
#...##.# #.# ###.##.#
#.###### #.##.#####.#
#......# #.##@.......
######.# #.##.#####.. #
#.# #.##.#####..# ##
##.## #.##.{.o{oo.#
.######...###.##.#####..#
..............##.####
.######...######....# ##
##.## #.##.# # # #.#
#.##.###.###


There were no monsters in sight!

Vanquished Creatures
  Jessica (D:2)
  2 orc wizards (D:3)
  4 gnolls (D:2)
  2 worms (D:2)
  2 dart slugs (D:2)
  6 orcs
  6 endoplasms
  A giant cockroach (D:1)
  3 goblins
  A hobgoblin (D:3)
  2 kobolds
  4 quokkas
  7 ball pythons
  4 bats
  5 frilled lizards
50 creatures vanquished.

Notes
Turn   | Place    | Note
-------+----------+-------------------------------------------
     0 | D:1      | fragbeetle the Gargoyle Earth Elementalist began the quest
                  | for the Orb.
     0 | D:1      | Reached XP level 1. HP: 10/10 MP: 3/3
    14 | D:1      | Found Duirim's Weapon Shop.
    21 | D:1      | Found Qulliu's Armour Boutique.
   397 | D:1      | Reached skill level 1 in Transmutations
   397 | D:1      | Reached XP level 2. HP: 14/16 MP: 5/5
   531 | D:1      | Reached skill level 4 in Earth Magic
   621 | D:1      | Found Liastred's Weapon Shoppe.
   642 | D:1      | Found Declar's Assorted Antiques.
   643 | D:1      | Found Qanaf's Book Boutique.
  1544 | D:1      | Reached skill level 1 in Fighting
  1775 | D:2      | Reached XP level 3. HP: 17/20 MP: 6/6
  1847 | D:2      | Noticed Jessica
  1849 | D:2      | Learned a level 3 spell: Stone Arrow
  1868 | D:2      | Killed Jessica
  1931 | D:2      | Reached XP level 4. HP: 24/25 MP: 4/7
  2092 | D:2      | Reached skill level 5 in Earth Magic
  2409 | D:2      | You fall into a shaft and drop 1 floor!
  2445 | D:3      | Reached XP level 5. HP: 23/30 MP: 8/8
  2613 | D:3      | Found a hazy altar of Hepliaklqana.
  2615 | D:3      | Found a radiant altar of Vehumet.
  2619 | D:3      | Became a worshipper of Vehumet
  2621 | D:3      | Found a shimmering altar of Xom.
  2622 | D:3      | Found a sparkling altar of Nemelex Xobeh.
  2622 | D:3      | Found a white marble altar of Elyvilon.
  2622 | D:3      | Found a shimmering blue altar of Sif Muna.
  2622 | D:3      | Found a bloodstained altar of Trog.
  2624 | D:3      | Found a shadowy altar of Dithmenos.
  2625 | D:3      | Found a blossoming altar of Fedhas.
  2629 | D:3      | Found a basalt altar of Yredelemnul.
  2630 | D:3      | Found a glowing silver altar of Zin.
  2976 | D:2      | Found a shimmering altar of Xom.
  3390 | D:2      | Found a faded altar of an unknown god.
  3519 | D:3      | Found Difome's Antique Weapon Shop.
  3626 | D:3      | Killed from afar by an orc wizard

Illustrated notes

Levels and vault maps discovered:
D:1:      evilmike_arrival_plus, layout_loops_ring, serial_shops,
          nicolae_shop_bloodbath_and_beyond, nicolae_diamond_shop, shop_statue,
          shop, nicolae_shop_statue_plus, minmay_misc_feat_more_columns,
          chequers_big_river, minmay_misc_feat_cross, solitary_fountain
D:2:      layout_rooms, ebering_ecumenical_altar_mist, basic_altar,
          dk_noncrumbling_2, uniq_jessica
D:3:      layout_loops_ring, minitemple, serial_shops, nicolae_shop_waterfront

Skill      XL: |  1  2  3  4 |
---------------+-------------+-----
Transmutations | 1 |  1.0
Earth Magic    | 4 5 |  5.7
Fighting       | 1 2 |  2.4
Dodging        | 2 |  2.6
Stealth        | |  2.1
Spellcasting   | |  2.0
Evocations     | |  0.1

Action                   |  1- 3 |  4- 6 || total
-------------------------+-------+-------++-------
Melee: Spear             |    71 |    18 ||    89
       Punch             |     2 |     4 ||     6
       Flail             |       |    31 ||    31
       Staff             |       |    46 ||    46
 Cast: Sandblast         |     7 |    14 ||    21
       Stone Arrow       |     1 |     7 ||     8
 Stab: Sleeping          |     1 |     1 ||     2
Armor: Robe              |    24 |    47 ||    71
Dodge: Dodged            |    49 |    67 ||   116

Table legend: (Time is in decaauts)
 A = Elapsed time spent in this place.
 B = Non-inter-level travel time spent in this place.
 C = Inter-level travel time spent in this place.
 D = Time resting spent in this place.
 E = Time spent auto-exploring this place.
 F = Levels seen in this place.
 G = Mean time per level.
                   A        B        C        D        E       F      G
               +--------+--------+--------+--------+--------+-----+--------+
         Total |   3667 |   3636 |     31 |    994 |   1425 |   3 | 1222.3 |
       Dungeon |   3667 |   3636 |     31 |    994 |   1425 |   3 | 1222.3 |
               +--------+--------+--------+--------+--------+-----+--------+

Top non-repeatable levels by time:
     D:1: 1830 daAuts
     D:2: 1148 daAuts
     D:3: 688 daAuts
